 Dungeon Crawl Stone Soup version 0.32-a0-913-g739538afd8 (webtiles) character file.

Game seed: 16215756823876998070

202 Bediveer the Shooter (level 5, -8/28 HPs)
             Began as a Spriggan Hunter on Apr 7, 2024.
             Killed by divine providence
             ... invoked by an orc priest
              (15 damage)
             ... on level 3 of the Dungeon.
             The game lasted 00:03:41 (2109 turns).

Bediveer the Shooter (Spriggan Hunter)              Turns: 2109, Time: 00:03:42

Health: -8/28      AC:  4    Str:  7    XL:     5   Next: 50%
Magic:  6/6        EV: 17    Int: 10    God:
Gold:   144        SH:  0    Dex: 21    Spells: 4/4 levels left

rFire   . . .        i - +2 arbalest (heavy)
rCold   . . .        (shield currently unavailable)
rNeg    . . .        c - +0 robe
rPois   .            g - +2 hat
rElec   .            (no cloak)
rCorr   .            (gloves unavailable)
SInv    +            (boots unavailable)
Will    .....        (no amulet)
Stlth   ++           (no ring)
HPRegen 0.24/turn    (no ring)
MPRegen 0.10/turn

%: no passive effects
@: very quick
A: very small, no large weapons, unfitting armour, see invisible, speed 3
a: Convert to Beogh


You were on level 3 of the Dungeon.
You visited 1 branch of the dungeon, and saw 3 of its levels.

You collected 144 gold pieces.

Inventory:

Hand Weapons
 a - a +0 shortbow
 i - a +2 heavy arbalest (weapon)
Armour
 c - a +0 robe (worn)
 g - a +2 hat (worn)
Scrolls
 b - 2 scrolls of butterflies
 h - a scroll of noise {unknown}
 j - a scroll of blinking
 n - a scroll of enchant weapon {unknown}
Potions
 d - 2 potions of ambrosia
 e - 2 potions of curing {unknown}
 f - 3 potions of attraction {unknown}
 k - a potion of degeneration {unknown}
 l - 4 potions of enlightenment {unknown}
 m - a potion of mutation {unknown}


   Skills:
 + Level 2.9 Fighting
 * Level 5.9 Ranged Weapons
 + Level 3.3 Dodging
 - Level 1.5 Stealth


You had 4 spell levels left.
You didn't know any spells.
Your spell library contained the following spells:

 Spells                   Type           Power      Damage    Failure   Level
 Magic Dart               Conj           0%         1d3       36%         1
 Blink                    Tloc           0%         N/A       50%         2
 Call Imp                 Summ           0%         N/A       50%         2
 Teleport Other           Tloc           0%         N/A       75%         3
 Dispersal                Tloc           0%         N/A       100%        6
 Gell's Gavotte           Tloc           0%         2d(11-16) 100%        6


Dungeon Overview and Level Annotations

Branches:
Dungeon (3/15)

Altars:
Ashenzari
Cheibriados
Dithmenos
Elyvilon
Okawaru
Ru
Uskayaw
Vehumet
The Shining One


Innate Abilities, Weirdness & Mutations

You are very small and have problems with some larger weapons.
You are too small for most types of armour.
You have supernaturally acute eyesight. (SInv)
You cover ground extremely quickly. (Speed+++)


Message History

a +0 dagger; a +0 leather armour You shoot a bolt.
The bolt hits the orc wizard!
The orc wizard is severely wounded.
You shoot a bolt. The bolt hits the orc wizard!!
You kill the orc wizard!
You hear a splash. x2
The orc priest calls down the wrath of Beogh upon you.
Pain shoots through your body!
The orc priest shouts, "Beogh offers mercy even to people such as you.
Join us and be reborn!" (press Y on the ability menu to convert to Beogh)
You shoot a bolt. The bolt hits the orc!!
You kill the orc!
The orc priest calls down the wrath of Beogh upon you.
Pain shoots through your body!
* * * LOW HITPOINT WARNING * * *
You are too injured to fight recklessly!
You are too injured to fight recklessly!
Fire: i) +2 arbalest (heavy)
Press: ? - help, Shift-Dir - straight line, f - orc priest
Aim: an orc priest, wielding a +0 club (63% to hit)
You shoot a bolt. The bolt barely misses the orc priest.
The orc priest shouts, "Beogh offers mercy even to people such as you.
Join us and be reborn!"
The orc priest shouts, "Surrender to Beogh and we'll let you live!"
The orc priest begins to cast a cantrip, but forgets the words!
Fire: i) +2 arbalest (heavy)
Press: ? - help, Shift-Dir - straight line, f/p - orc priest
Aim: an orc priest, wielding a +0 club (63% to hit)
You shoot a bolt. The bolt hits the orc priest.
The orc priest is moderately wounded.
The orc priest threatens, "Beogh's wrath is as vast as their mercy.
Make your choice!" The orc priest barely misses you.
The orc priest hits you with a +0 club.
* * * LOW HITPOINT WARNING * * *
Fire: i) +2 arbalest (heavy)
Press: ? - help, Shift-Dir - straight line, f/p - orc priest
Aim: an orc priest, wielding a +0 club (moderately wounded, 63% to hit)
You shoot a bolt. The bolt barely misses the orc priest.
The orc priest mumbles some strange prayers to Beogh against you.
Beogh smites you!
Ouch! That really hurt!
You die...

....).....##....# ##########..#.
..........##....# ............#.
..........##....# ............#.
..........##....# #......#'###.#.
...........#....# ....##.......#.
.....###...#######...####......#.
.....# #...# #...................
.....# #...# #.#.......#...###...
.....# #...# #.#@~...~.#...###...
.....# #...# #.#o......#...##....
.....# #...# #.#.......#...##....
###### #...# #.#.......#.........
##### #.#.)...~.#.#.....##
#.#..)....#.####.)##
#.##.....##.........
#.###$⌠.###.......#.
#..#######........#.


You could see an orc priest.

Vanquished Creatures
  Jessica (D:2)
  An orc wizard (D:3)
  4 gnolls (D:3)
  4 adders (D:2)
  3 dart slugs
  A ribbon worm (D:3)
  4 orcs (D:3)
  A bat (D:3)
  8 endoplasms
  5 giant cockroaches
  3 goblins (D:2)
  3 hobgoblins
  2 jackals (D:1)
  6 kobolds
  3 quokkas
  8 ball pythons
  3 frilled lizards
  5 rats
65 creatures vanquished.

Notes
Turn   | Place    | Note
-------+----------+-------------------------------------------
     0 | D:1      | Bediveer the Spriggan Hunter began the quest for the Orb.
     0 | D:1      | Reached XP level 1. HP: 10/10 MP: 2/2
    33 | D:1      | Found a faded altar of an unknown god.
   139 | D:1      | Reached XP level 2. HP: 13/15 MP: 3/3
   772 | D:2      | Reached XP level 3. HP: 18/18 MP: 4/4
   848 | D:2      | Noticed Jessica
   857 | D:2      | Killed Jessica
   858 | D:2      | Reached skill level 5 in Ranged Weapons
   858 | D:2      | Reached XP level 4. HP: 23/23 MP: 5/5
   916 | D:2      | Identified a scroll of acquirement
   916 | D:2      | Acquired a +2 heavy arbalest
  1487 | D:3      | Reached XP level 5. HP: 27/27 MP: 6/6
  1707 | D:3      | Found a hide-covered altar of Uskayaw.
  1707 | D:3      | Found a shadowy altar of Dithmenos.
  1707 | D:3      | Found a white marble altar of Elyvilon.
  1711 | D:3      | Found a snail-covered altar of Cheibriados.
  1714 | D:3      | Found a glowing golden altar of the Shining One.
  1718 | D:3      | Found a radiant altar of Vehumet.
  1721 | D:3      | Found an iron altar of Okawaru.
  1722 | D:3      | Found a broken altar of Ashenzari.
  1832 | D:3      | Found a sacrificial altar of Ru.
  2109 | D:3      | Killed from afar by an orc priest

Illustrated notes

Levels and vault maps discovered:
D:1:      onia_arrival_pyramid, layout_basic, basic_ecumenical_altar
D:2:      layout_rooms, uniq_jessica
D:3:      cheibrodos_pilgrimage, layout_basic, nicolae_ru_the_path_less_chosen,
          nicolae_overflow_hallway_of_the_gods

Skill      XL: |  1  2  3  4 |
---------------+-------------+-----
Fighting       | 2 |  2.9
Ranged Weapons | 5 |  5.9
Dodging        | 3 |  3.3
Stealth        | |  1.5

Action                     |  1- 3 |  4- 6 || total
---------------------------+-------+-------++-------
   Fire: Shortbow          |    78 |    11 ||    89
         Arbalest          |       |    53 ||    53
    Use: Scroll            |     1 |     3 ||     4
 Armour: Robe              |     6 |     8 ||    14
  Dodge: Dodged            |    22 |    19 ||    41

Table legend: (Time is in decaauts)
 A = Elapsed time spent in this place.
 B = Non-inter-level travel time spent in this place.
 C = Inter-level travel time spent in this place.
 D = Time resting spent in this place.
 E = Time spent auto-exploring this place.
 F = Levels seen in this place.
 G = Mean time per level.
                   A        B        C        D        E       F      G
               +--------+--------+--------+--------+--------+-----+--------+
         Total |   1593 |   1532 |     61 |    381 |    832 |   3 |  531.0 |
       Dungeon |   1593 |   1532 |     61 |    381 |    832 |   3 |  531.0 |
               +--------+--------+--------+--------+--------+-----+--------+

Top non-repeatable levels by time:
     D:2: 575 daAuts
     D:3: 532 daAuts
     D:1: 485 daAuts
